cohdb
Replays
Latest Replays
All Replays
Popular Replays
Top Player Replays
Match Explorer
How It Works
Community
CoH3 Stats
Reddit
Sign in to upload your games and track your stats! →
Sign in with Steam
2vs2 USF UKF vs DAK WEHR - trying a new strat as USF
Match 7765292
Overview
Messages
Build Orders
End
Engineer Squad
Construct Barracks
Riflemen Squad
Riflemen Squad
Riflemen Squad
Riflemen Squad
Construct Medical Station
Infantry Support Center
Mortar Pit
M1918 Browing Automatic Rifles
Mortar Pit
Construct Weapon Support Center
M1919 Machine Gun Team
Advanced Logisitcs
Selects Special Operations Battlegroup
Selects Smoke Screen
Selects SSF Commando Squad
Riflemen Squad
.30 cal Machine Gun
Munitions Surplus
Survival Training
Selects M29 Weasel Recon Vehicle
Demolitions Package
Construct Motor Pool
M24 Chaffee Light Tank
Smoke Screen
Selects P-47 Strafing Runs
P-47 Strafing Runs
P-47 Strafing Runs
Mortar Pit
M3 Armored Personnel Carrier
The Sage
VagMaster
Pan1kss
Lancicek
0
0
Comments
sign in to comment!
No comments posted yet!